 Dungeon Crawl Stone Soup version 0.29.1-12-g30fa7ad0bf (webtiles) character file.

Game seed: 8722273979449633577

53 DildoBatman the Conjurer (level 4, -3/32 HPs)
             Began as a Formicid Conjurer on Jan 3, 2023.
             Slain by an orc
             ... wielding a +0 whip
              (5 damage)
             ... on level 3 of the Dungeon.
             The game lasted 00:02:24 (1157 turns).

DildoBatman the Conjurer (Formicid Conjurer)        Turns: 1157, Time: 00:02:25

Health: -3/32      AC:  2    Str: 12    XL:     4   Next: 11%
Magic:  8/8        EV: 12    Int: 19    God:
Gold:   126        SH:  0    Dex: 12    Spells: 5/8 levels left

rFire   . . .      SeeInvis +   a - +0 sling
rCold   . . .      Faith    .   (no shield)
rNeg    . . .      Spirit   .   d - +0 robe
rPois   .          Reflect  .   (helmet unavailable)
rElec   .          Harm     .   (no cloak)
rCorr   .          Rampage  .   (no gloves)
Will    .....                   (no boots)
Stlth   ++........              (no amulet)
HPRegen 0.10/turn               (no ring)
MPRegen 0.11/turn               (no ring)

@: no status effects
A: permanent stasis, dig shafts and tunnels, antennae 3, four strong arms
a: Dig, Shaft Self


You were on level 3 of the Dungeon.
You visited 1 branch of the dungeon, and saw 4 of its levels.

You collected 126 gold pieces.

Inventory:

Hand Weapons
 a - a +0 sling (weapon)
 c - a +0 short sword
Missiles
 i - 3 boomerangs
 n - 8 stones
Armour
 d - a +0 robe (worn)
Jewellery
 e - a ring of fire
Scrolls
 f - a scroll of immolation {unknown}
 g - 3 scrolls of identify {unknown}
 h - a scroll of teleportation {unknown}
 j - a scroll of brand weapon {unknown}
 o - a scroll of fog {unknown}
Potions
 b - a potion of magic
 k - 2 potions of curing {unknown}
 l - a potion of cancellation {unknown}
 m - a potion of haste {unknown}
 p - a potion of lignification {unknown}


   Skills:
 * Level 1.5 Fighting
 * Level 1.5 Armour
 - Level 2.0 Dodging
 - Level 2.4 Stealth
 * Level 2.7 Spellcasting
 * Level 3.9 Conjurations


You had 5 spell levels left.
You knew the following spells:

 Your Spells              Type           Power      Damage    Failure   Level
a - Searing Ray           Conj           34%        2d5       4%          2
c - Magic Dart            Conj           68%        1d6       3%          1

Your spell library contained the following spells:

 Spells                   Type           Power      Damage    Failure   Level
 Dazzling Flash           Conj/Hex       20%        N/A       21%         3
 Fulminant Prism          Conj/Hex       5%         3d7       56%         4
 Iskenderun's Mystic Bla  Conj/Tloc      10%        2d4       56%         4


Dungeon Overview and Level Annotations

Branches:
Dungeon (4/15)
 Temple: D:4-7

Altars:

Annotations:
D:2 exclusion: butterfly


Innate Abilities, Weirdness & Mutations

You cannot be hasted, slowed, berserked, paralysed or teleported.
You can dig through walls and to a lower floor.
You have a pair of large antennae on your head. (SInv)
Your four strong arms can wield two-handed weapons with a shield.


Message History

r - Retreat! s - Stop attacking. g - Guard the area. f - Follow me.
Anything else - Cancel.
You shout for attention!
The orc closely misses you. The orc barely misses you.
What are your orders? t - Shout!
Orders for allies: a - Attack new target. r - Retreat! s - Stop attacking. g - Guard the area. f - Follow me.
Anything else - Cancel.
You shout for attention!
The orc completely misses you. The orc closely misses you.
What are your orders? t - Shout!
Orders for allies: a - Attack new target. r - Retreat! s - Stop attacking. g - Guard the area. f - Follow me.
Anything else - Cancel.
You shout for attention!
The orc barely misses you. x2
What are your orders? t - Shout!
Orders for allies: a - Attack new target. r - Retreat! s - Stop attacking. g - Guard the area. f - Follow me.
Anything else - Cancel.
You shout for attention!
The orc hits you with a +0 whip. x2
What are your orders? t - Shout!
Orders for allies: a - Attack new target. r - Retreat! s - Stop attacking. g - Guard the area. f - Follow me.
Anything else - Cancel.
You shout for attention!
The orc hits you with a +0 whip. x2
You die...

.. ...##.
. ..... .
.... #.
... #.##
.. ..b .#
...###o#.#
..:..oo@.#
...#######


You could see 3 orcs and a bat.

Vanquished Creatures
  3 gnolls (D:2)
  An orc (D:2)
  3 endoplasms
  A giant cockroach (D:1)
  2 goblins
  6 hobgoblins
  2 kobolds (D:1)
  A ball python (D:2)
  2 frilled lizards (D:1)
  A rat (D:1)
22 creatures vanquished.

Notes
Turn   | Place    | Note
-------+----------+-------------------------------------------
     0 | D:1      | DildoBatman the Formicid Conjurer began the quest for the
                  | Orb.
     0 | D:1      | Reached XP level 1. HP: 13/13 MP: 3/3
   171 | D:1      | Reached XP level 2. HP: 20/20 MP: 0/5
   174 | D:1      | Learned a level 2 spell: Searing Ray
   884 | D:2      | Reached skill level 1 in Fighting
   911 | D:2      | Reached skill level 1 in Armour
   911 | D:2      | Reached XP level 3. HP: 26/26 MP: 6/6
  1086 | D:2      | Reached XP level 4. HP: 32/32 MP: 1/8
  1088 | D:2      | You fall into a shaft and drop 2 floors!
  1157 | D:3      | Slain by an orc

Illustrated notes

Levels and vault maps discovered:
D:1:      minmay_arrival_checkered_box, layout_rooms, hangedman_decor_growths,
          ebering_dispersal_statue_hall, minivault_24
D:2:      layout_loops_ring, basic_altar, serial_aquarium,
          aquarium_bridge_long_separate [aquarium_subvault_bridge,
          aquarium_subvault_bridge, aquarium_subvault_window,
          aquarium_subvault_window, aquarium_subvault_bridge,
          aquarium_subvault_window], aquarium_bridge_square
          [aquarium_subvault_wall, aquarium_subvault_bridge,
          aquarium_subvault_wall, aquarium_subvault_wall],
          aquarium_window_corridor_2, aquarium_window_1, aquarium_window_2,
          aquarium_view_2d
D:3:      layout_basic
D:4:      minmay_spotlight, layout_loops_ring,
          mainiacjoe_overflow_six_doors_small

Skill      XL: |  1  2 |
---------------+-------+-----
Dodging        | 2 |  2.0
Fighting       | 1 |  1.5
Armour         | 1 |  1.5
Stealth        | |  2.4
Spellcasting   | |  2.7
Conjurations   | |  3.9

Action                   |  1- 3 |  4- 6 || total
-------------------------+-------+-------++-------
Melee: Short sword       |     2 |       ||     2
       Unarmed           |     1 |       ||     1
 Fire: Sling             |    24 |       ||    24
 Cast: Magic Dart        |    18 |       ||    18
       Searing Ray       |     8 |       ||     8
 Abil: Shaft Self        |       |     1 ||     1
Armor: Robe              |     1 |     2 ||     3
Dodge: Dodged            |     8 |    25 ||    33
